 Dungeon Crawl Stone Soup version 0.26.1-2-gb8aa6d0cf2 (webtiles) character file.

Game seed: 3877203531601743196

340 Erina the Cleaver (level 6, -13/51 HPs)
             Began as a Minotaur Berserker on Mar 11, 2021.
             Was a Priest of Trog.
             Mangled by Menkaure (18 damage)
             ... on level 4 of the Dungeon.
             The game lasted 00:08:32 (2275 turns).

Erina the Cleaver (Minotaur Berserker)              Turns: 2275, Time: 00:08:33

Health: -13/51     AC:  8    Str: 21    XL:     6   Next: 30%
Magic:  5/5        EV: 11    Int:  6    God:    Trog [***...]
Gold:   170        SH:  0    Dex: 10    Spells: 5/5 levels left

rFire    . . .     SeeInvis .   a - +1 hand axe
rCold    . . .     Faith    .   (no shield)
rNeg     . . .     Spirit   .   d - +1 ring mail
rPois    .         Reflect  .   (helmet restricted)
rElec    .         Harm     .   m - +0 cloak
rCorr    .         Rampage  .   (no gloves)
Will     ++...                  (no boots)
Stlth    ..........             (no amulet)
HPRegen  0.17/turn              g - ring of willpower
MPRegen  0.09/turn              c - ring of willpower

@: berserk cooldown, slowed, very slow
A: retaliatory headbutt, horns 2
a: Renounce Religion, Berserk, Trog's Hand


You were on level 4 of the Dungeon.
You worshipped Trog.
Trog was most pleased with you.
You visited 1 branch of the dungeon, and saw 4 of its levels.

You collected 170 gold pieces.

Inventory:

Hand Weapons
 a - a +1 hand axe (weapon)
 h - a +0 mace
Missiles
 i - a throwing net
 n - 5 javelins
Armour
 d - a +1 ring mail (worn)
 m - a +0 cloak (worn)
 o - a cursed -2 ring mail
Jewellery
 c - a ring of willpower (right hand)
 g - a ring of willpower (left hand)
 r - an uncursed ring of fire {unknown}
Wands
 p - a wand of flame (12)
Scrolls
 e - 2 scrolls of enchant armour
 f - a scroll of enchant weapon
 j - a scroll of blinking {unknown}
 s - a scroll of teleportation
Potions
 b - 2 potions of attraction {unknown}
 k - a potion of magic {unknown}
 l - 3 potions of lignification
 q - a potion of resistance {unknown}


   Skills:
 - Level 3.6 Fighting
 * Level 8.0 Axes
 + Level 3.9 Armour
 - Level 2.1 Dodging


You had 5 spell levels left.
You didn't know any spells.
Your spell library was empty.

Dungeon Overview and Level Annotations

Branches:
Dungeon (4/15)
 Temple: D:4-7

Altars:
Fedhas
Gozag
Kikubaaqudgha
Makhleb
Qazlal
Xom

Annotations:
D:4 Menkaure


Innate Abilities, Weirdness & Mutations

You reflexively headbutt those who attack you in melee.
You have a pair of horns on your head.


Message History

Menkaure hits you!
You're still recovering from your berserk rage.
You hit Menkaure.
Menkaure is lightly damaged.
Menkaure casts a spell.
Menkaure seems to speed up.
You hit Menkaure but do no damage.
Menkaure is lightly damaged.
Menkaure closely misses you. x2
You closely miss Menkaure. You headbutt Menkaure.
Menkaure is moderately damaged.
Menkaure closely misses you.
You hit Menkaure.
Menkaure is heavily damaged.
Menkaure barely misses you. Menkaure hits you!
* * * LOW HITPOINT WARNING * * *
You slash Menkaure!
Menkaure is almost destroyed.
Menkaure hits you!!
You die...

#.. #####..
......
..#.######.
...####.#...?....
........+...M....
#..####@#.!...W?.
#.......M........
#..#.##.########.
........#
#..#.##.#####
............#
##...#..##..(..
#.# #..##.###. ..
#.<#..# #


You could see Menkaure (fast).

Vanquished Creatures
  An ogre (D:4)
  Natasha (thrice) (D:2)
  An orc wizard (D:3)
  6 adders
  3 oozes
  2 worms (D:2)
  3 dart slugs
  3 leopard geckos (D:3)
  3 orcs (D:3)
  A ball python (D:2)
  5 giant cockroaches
  8 goblins
  6 hobgoblins
  11 jackals
  7 bats
  3 frilled lizards
  8 kobolds
  2 rats (D:1)
76 creatures vanquished.

Notes
Turn   | Place    | Note
-------+----------+-------------------------------------------
     0 | D:1      | Erina the Minotaur Berserker began the quest for the Orb.
     0 | D:1      | Reached XP level 1. HP: 19/19 MP: 0/0
   136 | D:1      | Reached skill level 4 in Axes
   311 | D:1      | Reached XP level 2. HP: 26/26 MP: 1/1
   747 | D:2      | Reached skill level 5 in Axes
   747 | D:2      | Reached XP level 3. HP: 31/31 MP: 2/2
   955 | D:2      | Found a shimmering altar of Xom.
  1012 | D:2      | Found a burning altar of Makhleb.
  1013 | D:2      | Found a shimmering altar of Xom.
  1105 | D:2      | Reached ** piety under Trog
  1236 | D:2      | Noticed Natasha
  1242 | D:2      | Killed Natasha
  1243 | D:2      | Reached XP level 4. HP: 26/39 MP: 3/3
  1437 | D:2      | Reached skill level 6 in Axes
  1469 | D:2      | Noticed Natasha
  1490 | D:2      | Killed Natasha
  1570 | D:2      | Noticed Natasha
  1577 | D:2      | Killed Natasha
  1578 | D:2      | Reached XP level 5. HP: 28/45 MP: 4/4
  1819 | D:3      | Found a stormy altar of Qazlal.
  1861 | D:3      | Reached skill level 7 in Axes
  1995 | D:3      | Found an ancient bone altar of Kikubaaqudgha.
  1998 | D:3      | Found a blossoming altar of Fedhas.
  2034 | D:3      | Found an opulent altar of Gozag.
  2099 | D:3      | Reached *** piety under Trog
  2244 | D:4      | Noticed an ogre
  2247 | D:4      | Noticed a phantom
  2252 | D:4      | Killed an ogre
  2253 | D:4      | Reached skill level 8 in Axes
  2253 | D:4      | Reached XP level 6. HP: 51/51 MP: 5/5
  2263 | D:4      | Noticed Menkaure
  2275 | D:4      | Mangled by Menkaure

Illustrated notes

Levels and vault maps discovered:
D:1:      lemuel_arrival_behind_the_door_large, layout_loops_ring, minivault_26
D:2:      layout_rooms, chequers_temple_overflow_statue_of_worship,
          brannock_xom_greatest_gift, uniq_natasha
D:3:      layout_rooms, grunt_temple_overflow_growth_and_decay,
          nicolae_overflow_crystal_walls, st_stairs_6,
          kennysheep_cross_bottleneck, grunt_ministairs_1, grunt_qazlal_clouds
D:4:      layout_basic, grunt_temple_overflow_open,
          minmay_temple_entry_from_below_a, serial_shops, shop,
          ebering_ghost_disaster_area, uniq_sigmund, uniq_menkaure

Skill      XL: |  1  2  3  4  5 |
---------------+----------------+-----
Axes           | 4 5 6 8 |  8.0
Armour         | 3 |  3.9
Fighting       | |  3.6
Dodging        | |  2.1

Action                   |  1- 3 |  4- 6 || total
-------------------------+-------+-------++-------
Melee: Hand axe          |    77 |    94 ||   171
       Headbutt          |    12 |    15 ||    27
Invok: Berserk           |     1 |     1 ||     2
  Use: Scroll            |     5 |     3 ||     8
Armor: Ring mail         |    29 |    45 ||    74
Dodge: Dodged            |    47 |    63 ||   110
